 Dungeon Sprint DCSS version 0.21-a0-110-g8e1637b (webtiles) character file.

91 Kidiri the Sneak (level 4, 0/23 HPs)
             Began as a Spriggan Enchanter on July 9, 2017.
             Slain by a merfolk siren
             ... wielding a +0 trident
              (23 damage)
             ... in the Dungeon (Sprint II: "The Violet Keep of Menkaure").
             The game lasted 00:01:28 (209 turns).

Kidiri the Sneak (Spriggan Enchanter)                Turns: 209, Time: 00:01:29

Health: 0/23       AC:  2    Str:  4    XL:     4   Next: 34%
Magic:  1/12       EV: 21    Int: 16    God:
Gold:   243        SH:  0    Dex: 17    Spells: 4/13 levels left

rFire    . . .     SeeInvis +   a - +1 dagger
rCold    . . .     Gourm    .   (shield restricted)
rNeg     . . .     Faith    .   b - +0 robe
rPois    .         Spirit   .   (helmet restricted)
rElec    .         Reflect  .   (no cloak)
rCorr    .         Harm     .   (gloves unavailable)
MR       .....     NoTele   +   (boots unavailable)
Stlth    ++++......             (no amulet)
HPRegen  0.07/turn              (no ring)
MPRegen  0.13/turn              (no ring)

@: mesmerised, very quick
A: unfitting armour, see invisible, herbivore 3, speed 3, slow metabolism 2
a: no special abilities


You were in the Dungeon.
You were not hungry.

You visited 1 branch You collected 243 gold pieces.

Inventory:

Hand Weapons
 a - a +1 dagger (weapon)
Armour
 b - a +0 robe (worn)
Scrolls
 j - a scroll of blinking
Potions
 e - a potion of curing
 f - a potion of heal wounds
 g - a potion of haste
 h - a potion of magic
Books
 c - a book of Maledictions

   Spells                             Type                      Level
   a - Corona                         Hexes                        1
   b - Ensorcelled Hibernation        Hexes/Ice                    2
   c - Confuse                        Hexes                        3
   d - Tukima's Dance                 Hexes                        3
   e - Dazzling Spray                 Conjuration/Hexes            3
Comestibles
 d - a bread ration
 i - 3 chunks of flesh


   Skills:
 + Level 1.7 Fighting
 * Level 4.1 Short Blades
 + Level 1.6 Armour
 * Level 5.8 Dodging
 * Level 7.3 Stealth
 * Level 5.0 Spellcasting
 + Level 4.8 Hexes


You had 4 spell levels left.
You knew the following spells:

 Your Spells              Type           Power        Failure   Level  Hunger
a - Corona                Hex            ###....      1%          1    None
b - Ensorcelled Hibernat  Hex/Ice        ##....       9%          2    #......
c - Confuse               Hex            ###.....     6%          3    ###....
d - Tukima's Dance        Hex            ###.....     6%          3    ###....


Dungeon Overview and Level Annotations

Branches:
Dungeon (1/1)

Altars:


Innate Abilities, Weirdness & Mutations

You are very small and have problems with some larger weapons.
You are too small for most types of armour.
You have supernaturally acute eyesight. (SInv)
You are a herbivore.
You cover ground extremely quickly.
You need consume almost no food.


Message History

Press: ? - help, Shift-Dir - straight line, f/p - merfolk siren
Aim: a merfolk siren, wielding a trident (lightly wounded, mesmerising, chance to defeat MR: 23%)
The merfolk siren resists with almost no effort.
The merfolk siren chants its luring song.
Casting: Tukima's Dance
Confirm with . or Enter, or press ? or * to list all spells.
Aiming: Tukima's Dance
Press: ? - help, Shift-Dir - straight line, f/p - merfolk siren
Aim: a merfolk siren, wielding a trident (lightly wounded, mesmerising, chance to defeat MR: 23%)
The merfolk siren resists with almost no effort.
The merfolk siren chants its luring song.
Casting: Tukima's Dance
Confirm with . or Enter, or press ? or * to list all spells.
Aiming: Confuse
Press: ? - help, Shift-Dir - straight line, f/p - merfolk siren
Aim: a merfolk siren, wielding a trident (lightly wounded, mesmerising, chance to defeat MR: 18%)
The merfolk siren resists with almost no effort.
The merfolk siren hits you with a trident!!
Ouch! That really hurt!
You die...

## ## #### H# #H
..# .#$ ###..##
#+# #.##..#
###.###..#..#
#+.<.+.##+..#
#.##.###..#....#
#3
##'###.##......≈≈
#
#.@.####≈≈§....≈#
#.m#..# ≈≈≈≈≈§.≈#
##. .##
≈≈≈≈§§≈.≈# ## ##
≈≈§§≈≈§§≈#
≈≈≈≈≈≈§≈§≈#


You could see a merfolk siren.

Vanquished Creatures
  4 worker ants (D)
4 creatures vanquished.

Vanquished Creatures (others)
  Menkaure (D)
  A crocodile (D)
2 creatures vanquished.

Grand Total: 6 creatures vanquished

Notes
Turn   | Place    | Note
-------+----------+-------------------------------------------
     0 | D        | Kidiri the Spriggan Enchanter began the quest for the Orb.
     0 | D        | Reached XP level 1. HP: 9/9 MP: 5/5
     1 | D        | Noticed a hippogriff
     1 | D        | Noticed a hippogriff
     4 | D        | Noticed a worker ant
     4 | D        | Noticed a worker ant
     7 | D        | Noticed a merfolk siren
    10 | D        | Noticed a neqoxec
    19 | D        | Killed a worker ant
    19 | D        | Reached skill level 1 in Fighting
    19 | D        | Reached skill level 1 in Armour
    19 | D        | Reached skill level 5 in Stealth
    19 | D        | Reached XP level 2. HP: 13/14 MP: 5/7
    23 | D        | Reached skill level 6 in Stealth
    23 | D        | Reached XP level 3. HP: 17/18 MP: 5/9
    32 | D        | Learned a level 2 spell: Ensorcelled Hibernation
    32 | D        | Killed Menkaure
    36 | D        | Learned a level 3 spell: Confuse
    40 | D        | Learned a level 3 spell: Tukima's Dance
   107 | D        | Reached skill level 5 in Dodging
   107 | D        | Reached XP level 4. HP: 22/22 MP: 7/11
   115 | D        | Reached skill level 7 in Stealth
   115 | D        | Reached skill level 5 in Spellcasting
   155 | D        | Killed a crocodile
   209 | D        | Slain by a merfolk siren

Vault maps used:
D:        the_violet_keep_of_menkaure

Skill      XL: |  1  2  3  4 |
---------------+-------------+-----
Fighting       | 1 |  1.7
Short Blades   | 2 3 4 |  4.1
Armour         | 1 |  1.6
Dodging        | 4 5 |  5.8
Stealth        | 5 6 7 |  7.3
Spellcasting   | 3 4 5 |  5.0
Hexes          | 4 |  4.8

Action                   |  1- 3 |  4- 6 || total
-------------------------+-------+-------++-------
Melee: Dagger            |     9 |     4 ||    13
 Cast: Ensorcelled Hiber |     1 |     4 ||     5
       Confuse           |       |     2 ||     2
       Tukima's Dance    |       |     2 ||     2
  Use: Potion            |     1 |     1 ||     2
 Stab: Sleeping          |     1 |     1 ||     2
Armor: Robe              |     1 |       ||     1
Dodge: Dodged            |     3 |     7 ||    10
